 Dungeon Crawl Stone Soup version 0.30.1-4-g462c640d31 (webtiles) character file.

Game seed: 17563163924073466012

1699664 GeoRichter the Conqueror (level 26, 266/266 HPs)
             Began as a Minotaur Berserker on Aug 15, 2023.
             Was an Elder of Trog.
             Escaped with the Orb
             ... and 3 runes!
             The game lasted 01:58:50 (65980 turns).

GeoRichter the Conqueror (Minotaur Berserker)      Turns: 65980, Time: 01:58:51

Health: 266/266    AC: 43    Str: 41 (42) XL:     26   Next: 10%
Magic:  19/19      EV: 16    Int:  2 (4)  God:    Trog [****..]
Gold:   5533       SH: 25    Dex: 12      Spells: 25/25 levels left

rFire   + + +        a - +7 broad axe (elec)
rCold   + + .        m - +2 tower shield {AC+3}
rNeg    + . .        c - +9 gold dragon scales
rPois   +            q - +2 hat {SInv}
rElec   +            o - +0 cloak {Will+}
rCorr   .            W - +2 pair of gloves {Str+3}
SInv    +            R - +1 pair of boots of the Vacuum {+Blink Str+10 Dex-3 Stlth+}
Will    +++..        C - amulet of Greater Demons {Faith rF+ rC+} Stlth
                     v - ring of protection from fire
HPRegen 0.64/turn    p - ring "Waoxt" {rElec rPois rN+}
MPRegen 0.16/turn

%: faith
@: no status effects
A: horns 2, retaliatory headbutt, deformed body, deterioration 2, low MP 1,
strong-willed 1, screaming 1, sturdy frame 1
0: Orb of Zot
}: 3/15 runes: barnacled, silver, gossamer
a: Renounce Religion, Evoke Blink, Berserk, Trog's Hand, Brothers in Arms


You escaped.
You worshipped Trog.
Trog was greatly pleased with you.
You visited 10 branches of the dungeon, and saw 48 of its levels.
You visited the Abyss 1 time.
You also visited: Ice Cave.

You collected 7871 gold pieces.
You spent 2338 gold pieces at shops.

Inventory:

Hand Weapons
 a - a +7 broad axe of electrocution (weapon)
   (You found it on level 5 of the Dungeon)
 b - a +3 antimagic broad axe
   (Trog gifted it to you on level 2 of the Elven Halls)
 l - the +16 obsidian axe {drain, demonic, Mesm Drain Fly SInv}
   (Trog gifted it to you on level 2 of the Abyss)

   Mesm:      Its wielder is mesmerised by any visible foes, and it cannot be
   unequipped while any foes are visible.
   SInv:      It lets you see invisible.
   Fly:       It grants you flight.
   Drain:     It drains your maximum health when unequipped.
 V - a +4 heavy broad axe
   (Trog gifted it to you on level 2 of the Shoals)
Missiles
 f - 5 throwing nets {!f}
 u - 13 javelins
 S - 5 silver javelins (quivered)
 Y - 6 curare-tipped darts {!f}
Armour
 c - +9 gold dragon scales (worn)
   (You found it on level 4 of the Depths)
 m - a +2 tower shield of protection (worn)
   (You took it off a vault guard on level 5 of the Vaults)
 o - a +0 cloak of willpower (worn)
   (You took it off a draconian monk on level 4 of the Depths)
 q - a +2 hat of see invisible (worn)
   (You took it off Gastronok on level 1 of the Lair of Beasts)
 B - the +0 pair of boots of Peudeklor {rN+ MP+9 Stlth+}
   (You found it on level 4 of the Spider Nest)

   rN:        It protects you from negative energy.
   MP:        It affects your magic capacity (+9).
   Stlth:     It makes you more stealthy.
 E - a +2 cloak of preservation
   (You found it on level 1 of the Depths)
 K - the +8 plate armour of Doem {*Slow rC++ Will+ MP+9}
   (You bought it in a shop on level 3 of the Elven Halls)

   rC:        It greatly protects you from cold.
   MP:        It affects your magic capacity (+9).
   *Slow:     It may slow you when you take damage.
   Will:      It increases your willpower.
 R - the +1 pair of boots of the Vacuum (worn) {+Blink Str+10 Dex-3 Stlth+}
   (You acquired it on level 3 of the Realm of Zot)

   Str:       It affects your strength (+10).
   Dex:       It affects your dexterity (-3).
   +Blink:    It lets you blink.
   Stlth:     It makes you more stealthy.
 U - a +0 tower shield of reflection
   (You found it on level 1 of the Realm of Zot)
 W - a +2 pair of gloves of strength (worn)
   (You bought it in a shop on level 2 of the Orcish Mines)
Jewellery
 g - an amulet of regeneration
   (You found it on level 1 of the Depths)
 p - the ring "Waoxt" (right hand) {rElec rPois rN+}
   (You acquired it on level 9 of the Dungeon)

   [ring of poison resistance]

   rElec:     It insulates you from electricity.
   rPois:     It protects you from poison.
   rN:        It protects you from negative energy.
 v - a ring of protection from fire (left hand)
   (You found it on level 1 of the Lair of Beasts)
 C - the amulet of Greater Demons (around neck) {Faith rF+ rC+}
   (You acquired it on level 4 of the Depths)

   [amulet of faith]

   It allows you to gain divine favour quickly.
   rF:        It protects you from fire.
   rC:        It protects you from cold.
 Z - a ring of protection from cold
   (You found it on level 13 of the Dungeon)
Wands
 k - a wand of quicksilver (36)
   (You found it on level 1 of the Lair of Beasts)
 y - a wand of mindburst (47)
   (You found it on level 2 of the Dungeon)
 A - a wand of roots (54)
   (You took it off Ijyb on level 3 of the Dungeon)
 G - a wand of digging (12)
   (You found it on level 2 of the Vaults)
 M - a wand of flame (92)
   (You found it on level 7 of the Dungeon)
 X - a wand of charming (57)
   (You found it on level 12 of the Dungeon)
Scrolls
 e - 13 scrolls of fog
 h - 15 scrolls of teleportation {@r4}
 s - 7 scrolls of silence
 x - a scroll of magic mapping
 z - 8 scrolls of fear
 J - 4 scrolls of torment {!r}
 L - 7 scrolls of immolation {!r}
 N - a scroll of blinking
 Q - 6 scrolls of vulnerability {!r}
Potions
 d - 20 potions of flight
 i - 2 potions of heal wounds {@q2}
 j - 8 potions of ambrosia
 n - 22 potions of curing {@q1}
 r - 11 potions of attraction {!q}
 t - 4 potions of cancellation
 w - 8 potions of lignification {!q}
 D - 4 potions of invisibility
 H - 6 potions of haste {@q3}
 O - 4 potions of mutation {!q}
 T - 6 potions of might
Miscellaneous
 F - a phantom mirror
   (You found it on level 5 of the Lair of Beasts)
 P - a phial of floods
   (You found it on level 10 of the Dungeon)


   Skills:
 O Level 27 Fighting
 - Level 18.0 Axes
 - Level 16.0 Throwing
 + Level 25.5 Armour
 + Level 20.0 Dodging
 + Level 25.0 Shields
 - Level 12.6 Evocations


You had 25 spell levels left.
You didn't know any spells.
Your spell library was empty.

Dungeon Overview and Level Annotations

Branches:
Dungeon (15/15)            Temple (0/1) D:5            Lair (5/5) D:8
 Shoals (4/4) Lair:2       Spider (4/4) Lair:2        Slime (1/5) Lair:4
    Orc (2/2) D:9             Elf (3/3) Orc:2        Vaults (5/5) D:14
  Crypt (0/3) Vaults:3     Depths (4/4) D:15            Zot (5/5) Depths:4
  IceCv (visited)

Altars:
Ashenzari
Cheibriados
Dithmenos
Elyvilon
Fedhas
Gozag
Hepliaklqana
Kikubaaqudgha
Makhleb
Okawaru
Qazlal
Trog
Wu Jian
Xom
Jiyva
Lugonu

Shops:
D:2 [   D:3 *   D:11 :   Orc:2 ![:[[   Elf:2 *:=!   Elf:3 *   Vaults:5 *
Depths:4 !

Portals:
Hell: Depths:1 Depths:2 Depths:3 Depths:4
Abyss: Depths:2 Depths:3
Pandemonium: Depths:2 Depths:3
Ziggurat: Depths:1

Annotations:
D:13 exclusion: ice statue
Lair:2 exclusions: ice statue and oklob plant
Lair:5 exclusion: obsidian statue
Shoals:2 Roxanne
Spider:3 2 transporters
Elf:1 2 transporters, GeoRichter's ghost, adept DsIE
Elf:2 6 runed translucent doors, shamsi's ghost, journeyman HuFi
Depths:2 4 transporters
Zot:1 exclusions: door and 1 more exclusion
Zot:3 2 transporters, exclusion: orange crystal statue, Jiorhin's ghost, legendary TrBe; ShutUppercut's ghost, legendary DsGl


Innate Abilities, Weirdness & Mutations

You have a pair of horns on your head.
You reflexively headbutt those who attack you in melee.
Armour fits poorly on your strangely shaped body.
Your body often deteriorates upon taking damage.
Your magical capacity is low. (-10% MP)
You are strong-willed. (Will+)
You occasionally shout uncontrollably at your foes.
Your movements are slightly less encumbered by armour. (ER -2)


Message History

There is a stone staircase leading up here.
You climb upwards.
There is a stone staircase leading down here.
A hellephant comes into view.
The hellephant blinks!
There is a stone staircase leading up here.
You climb upwards.
There is a stone staircase leading down here.
(D) Dungeon (T) Temple (L) Lair (A) Shoals (N) Spider Nest (M) Slime Pits (O) Orcish Mines (E) Elven Halls (V) Vaults (C) Crypt (U) Depths (H) Hell (Z) Zot
Where to? (Enter - D:1, ? - help)
There is a stone staircase leading up here.
You climb upwards.
There is a stone staircase leading down here.
There is a stone staircase leading up here.
You climb upwards.
There is a stone staircase leading down here.
A chaos spawn comes into view.
Throw: 6 javelins (silver)
Press: ? - help, Q - select action, (/) - cycle Shift-Dir - straight line, f - chaos spawn
Aim: a chaos spawn (71% to hit, chaotic)
You throw a silver javelin.
The silver javelin pierces through the chaos spawn!!!
The silver sears the chaos spawn!
You kill the chaos spawn!
Trog accepts your kill.
The chaos spawn degenerates into a cloud of primal chaos!
(D) Dungeon (T) Temple (L) Lair (A) Shoals (N) Spider Nest (M) Slime Pits (O) Orcish Mines (E) Elven Halls (V) Vaults (C) Crypt (U) Depths (H) Hell (Z) Zot
Where to? (Enter - D:1, ? - help)
You see here a +0 dagger.
There is a stone staircase leading up here.
You climb upwards.
There is a stone staircase leading down here.
There is a stone staircase leading up here.
You climb upwards.
There is a stone staircase leading down here.
There is a stone staircase leading up here.
You climb upwards.
There is a stone staircase leading down here.
A balrug and 4 sun demons come into view.
The balrug is wielding a +1 demon whip of electrocution.
The sun demon shouts! x2
The sun demon moves out of view.
There is a staircase leading out of the dungeon here.
You have escaped!

.####.........########.####...#..
..........##............##.......
.####.....##.#'###########'#..†..
.####.....##.#.#.#♣♣♣♣♣#.#.#.....
.††..........#.......3.....#.....
.####.....##.#..♣..♣.♣3.♣..#.....
.# #.....##.#≈#♣♣..~..♣♣#~#.....
.# #.....##.#≈#P♣.~2≈.♣P#≈#.....
.# #.....####≈#@3.~8~..>#≈#.....
## #.....# #≈#P♣.~~3.♣P#≈##.###
###.#.# #~#♣♣..~..♣♣#~##.# #.#.#
#..♣..♣.♣..♣..#..# ### #.#.#
#.............#### ..#
#.#.####.#.#♣♣♣♣♣#.#.#
..#####.#....#'####### ###'##
.....................# #..#
..###########........# #..#


You could see a balrug and 4 sun demons.

Vanquished Creatures
  6 dread liches
  3 ancient liches (Zot:5)
  2 juggernauts
  6 orbs of fire
  Sojobo (Depths:3)
  Bai Suzhen (Vaults:5)
  A caustic shrike (Depths:2)
  5 Killer Klowns (Zot:5)
  10 golden dragons
  2 bone dragons (Depths:4)
  17 tentacled monstrosities
  3 electric golems
  A walking crystal tome (Depths:3)
  An Ice Fiend (Zot:3)
  4 liches
  A walking earthen tome (Depths:3)
  22 Orb Guardians
  4 titans
  Mlioglotl (Spider:3)
  2 deep elf master archers (Elf:3)
  6 quicksilver dragons
  3 tentacled starspawn (Abyss:2)
  7 sphinxes
  A walking divine tome (Depths:3)
  A kraken (Shoals:4)
  Gastronok (Lair:1)
  3 death cobs
  Polyphemus (Shoals:2)
  12 shadow dragons
  13 storm dragons
  9 tengu reavers
  6 draconian monks
  4 draconian knights
  11 fire giants
  3 deep elf sorcerers (Elf:3)
  7 frost giants
  14 vault wardens
  8 emperor scorpions
  Louise (Spider:1)
  9 draconian scorchers
  10 ghost moths
  An iron dragon (Depths:3)
  A balrug (Depths:1)
  4 deep elf elementalists (Elf:3)
  A cacodemon (Depths:3)
  2 draconian annihilators
  3 draconian shifters
  3 draconian stormcallers
  3 war gargoyles
  15 very ugly things
  2 broodmothers
  11 ironbound preservers
  7 ironbound thunderhulks
  13 stone giants
  A lorocyproca (Depths:3)
  3 deep elf demonologists (Elf:3)
  10 black draconians
  13 red draconians
  6 deep elf annihilators
  8 green draconians
  16 purple draconians
  9 yellow draconians
  14 white draconians
  4 vampire knights
  10 dire elephants
  12 spark wasps
  5 deep elf death magi
  5 merfolk javelineers
  16 yaktaur captains
  13 fire dragons
  3 jiangshi
  2 entropy weavers
  8 merfolk impalers
  10 ettins
  Josephine (D:14)
  11 great orbs of eyes
  2 hydras
  6 rakshasas
  4 ice dragons
  A hell beast (Zot:2)
  3 deep elf high priests
  18 vault guards
  2 peacekeepers
  6 ironbound frosthearts
  2 catoblepae
  2 jorogumos
  A merfolk avatar (Shoals:3)
  4 spriggan air magi
  2 radroaches
  A satyr (shapeshifter) (Vaults:5)
  2 alligator snapping turtles
  7 centaur warriors
  5 two-headed ogres
  18 dancing weapons
  4 boulder beetles
  A satyr (Shoals:3)
  4 tengu warriors
  5 merfolk aquamancers
  7 deep troll shamans
  3 vampire magi
  7 deep troll earth magi
  15 death yaks
  5 orc high priests
  8 spriggan berserkers
  Nergalle (Lair:2)
  Sonja (Lair:5)
  10 deep elf knights
  2 hell knights (Depths:3)
  A wretched star (Abyss:2)
  A salamander mystic (Depths:2)
  3 sun demons
  3 iron trolls
  A sixfirhy (Depths:3)
  A fire crab (shapeshifter) (D:14)
  5 skeletal warriors (Depths:1)
  3 pharaoh ants
  3 skysharks
  A sun moth (Spider:3)
  7 sea snakes
  A cherub (D:15)
  3 shadow wraiths
  36 deep trolls
  A spectral anaconda (Lair:5)
  4 flayed ghosts
  A bog body (IceCv)
  7 orb spiders
  9 phantasmal warriors
  An orb spider (shapeshifter) (Depths:1)
  17 deep elf archers
  8 glowing orange brains
  9 wizards
  A large abomination (Abyss:2)
  6 orc knights
  25 harpies
  8 necromancers
  12 ironbound convokers
  8 steelbarb worms
  7 orc sorcerers
  32 deep elf pyromancers
  26 deep elf zephyrmancers
  13 lindwurms
  59 ugly things
  26 fauns
  20 wolf spiders
  13 manticores
  A spectral spriggan (Depths:1)
  A worldbinder (Abyss:2)
  2 guardian serpents (shapeshifter)
  12 water nymphs
  7 cyclopes
  3 salamanders (Depths:2)
  37 moths of wrath
  5 elephants (Lair:5)
  A rust devil (Depths:3)
  3 dire elephant zombies (Lair:5)
  16 vault sentinels
  25 slime creatures
  Joseph (D:7)
  A black mamba (Lair:4)
  13 merfolk sirens
  An ice statue (IceCv)
  3 smoke demons
  8 demonic crawlers
  2 orange demons
  A frost giant skeleton (Depths:1)
  2 gargoyles (D:13)
  8 torpor snails
  A cane toad (shapeshifter) (Depths:2)
  15 cane toads
  A kobold demonologist (D:12)
  2 anaconda simulacra (IceCv)
  A hellion (D:15)
  An unseen horror (D:12)
  6 rime drakes
  36 yaktaurs
  4 tengu conjurers
  3 efreet
  6 komodo dragons
  2 freezing wraiths
  2 ice devils
  6 trolls
  26 merfolk
  2 hellwings (Depths:3)
  A meliai (shapeshifter) (Vaults:5)
  9 meliai
  Prince Ribbit (Lair:2)
  Grinder (D:3)
  A polar bear (shapeshifter) (D:13)
  16 blink frogs
  26 tarantellas
  15 wind drakes
  3 polar bears
  12 snapping turtles
  A dream sheep (shapeshifter) (Depths:3)
  A spectral elephant (Lair:5)
  8 dream sheep
  28 culicivoras
  18 jumping spiders
  Sigmund (D:2)
  A culicivora (shapeshifter) (Vaults:5)
  2 shadows
  8 air elementals
  3 wyverns
  3 ynoxinuls (Abyss:2)
  9 wraiths
  2 vampires
  67 yaks
  28 water elementals
  2 dire elephant simulacra (IceCv)
  A fire bat (Depths:2)
  3 vampire mosquitoes (D:15)
  5 basilisks
  2 fire elementals
  A chaos spawn (D:4)
  A steam dragon (D:6)
  35 redbacks
  A spectral cane toad (Lair:5)
  7 death yak simulacra
  A swamp worm (shapeshifter) (Vaults:5)
  A hydra simulacrum (IceCv)
  A water moccasin (shapeshifter) (Depths:3)
  5 wargs
  A floating eye (shapeshifter) (D:15)
  27 water moccasins
  An elephant zombie (Lair:5)
  25 orc warriors
  A sky beast (D:7)
  A black bear (D:8)
  9 ice beasts
  5 ogres
  19 wolves
  A phantom (D:7)
  9 centaurs
  An elephant skeleton (Lair:5)
  15 bullfrogs
  4 kobold brigands
  8 two-headed ogre simulacra (IceCv)
  6 earth elementals
  3 scorpions (D:5)
  A gnoll sergeant (D:9)
  7 cane toad simulacra
  5 wights (D:7)
  7 killer bees
  3 elephant simulacra
  7 electric eels
  6 howler monkeys
  2 hounds
  4 jellies
  27 orc priests
  2 sleepcaps
  An iguana (D:6)
  Ijyb (D:3)
  Natasha (thrice) (D:2)
  23 orc wizards
  3 polar bear simulacra (IceCv)
  5 spriggan simulacra (IceCv)
  4 troll simulacra (IceCv)
  A wolf simulacrum (IceCv)
  16 gnolls
  26 adders
  3 naga simulacra (IceCv)
  9 white imps
  6 ufetubi
  3 worms
  3 dart slugs
  87 orcs
  3 endoplasms
  4 giant cockroaches
  4 goblins
  6 hobgoblins
  4 jackals (D:1)
  24 kobolds
  3 quokkas
  6 ball pythons
  8 bats
  5 frilled lizards
  6 rats
  A spectral weapon (Zot:5)
  3 starspawn tentacles (Abyss:2)
  5 tentacles (Shoals:4)
2091 creatures vanquished.

Vanquished Creatures (collateral kills)
  An orb of fire (Zot:5)
  A dread lich (Zot:5)
  Boris (twice) (Depths:3 Zot:1)
  A Killer Klown (Zot:5)
  A golden dragon (Zot:5)
  An electric golem (Zot:5)
  Zenata (Elf:2)
  2 deep elf blademasters (Elf:3)
  A walking divine tome (Depths:3)
  4 Orb Guardians (Zot:5)
  A walking earthen tome (Depths:3)
  2 titans
  2 quicksilver dragons
  A storm dragon (Depths:3)
  Ilsuiw (Shoals:2)
  The ghost of bigdave the Severer, a journeyman HOFi of Qazlal (Spider:3)
  2 vault wardens (Vaults:5)
  A fire giant (Vaults:5)
  A deep elf elementalist (Elf:3)
  2 frost giants
  A draconian shifter (Zot:5)
  2 very ugly things (Depths:3)
  A reaper (Zot:1)
  3 stone giants
  A vampire knight (Depths:1)
  A deep elf demonologist (Elf:3)
  2 deep elf annihilators (Elf:3)
  2 deep elf death magi (Elf:3)
  2 merfolk javelineers (Shoals:2)
  A merfolk impaler (Shoals:4)
  2 ettins (Vaults:5)
  A deep elf high priest (Vaults:5)
  8 vault guards (Vaults:5)
  A merfolk aquamancer (Shoals:4)
  An anaconda (shapeshifter) (Depths:3)
  An orc high priest (Orc:1)
  A deep elf knight (Elf:3)
  A skeletal warrior (Depths:1)
  A flayed ghost (Depths:3)
  4 harpies (Shoals:4)
  2 steelbarb worms (Spider:3)
  2 ironbound convokers (Vaults:5)
  A deep elf archer (Vaults:5)
  2 deep elf pyromancers (Elf:2)
  A wolf spider (Spider:3)
  A deep elf zephyrmancer (Elf:3)
  3 moths of wrath
  2 merfolk sirens
  2 vault sentinels (Vaults:5)
  A yaktaur (Vaults:5)
  A tormentor (Zot:1)
  A tengu conjurer (Depths:3)
  A merfolk (Shoals:4)
  2 wind drakes (Shoals:4)
  2 trolls (Orc:1)
  2 tarantellas (Spider:3)
  2 dream sheep (Shoals:4)
  A snapping turtle (Shoals:4)
  A warg (Vaults:5)
  A redback (Spider:3)
  An orc warrior (Orc:1)
  3 orcs
101 creatures vanquished.

Vanquished Creatures (others)
  2 fire giants
  A draconian stormcaller (Zot:1)
  A fire dragon (Depths:3)
  A rakshasa (Depths:3)
  A dancing weapon (Elf:3)
  A bog body (IceCv)
  A deep elf zephyrmancer (Elf:2)
  2 manticores
  An air elemental (Shoals:4)
  A water elemental (Shoals:4)
  A fire bat (Depths:2)
  A lurking horror (Abyss:2)
  5 starspawn tentacles (Abyss:2)
  15 tentacles (Shoals:4)
34 creatures vanquished.

Grand Total: 2226 creatures vanquished

Notes
Turn   | Place    | Note
-------+----------+-------------------------------------------
     0 | D:1      | GeoRichter the Minotaur Berserker began the quest for the
                  | Orb.
     0 | D:1      | Reached XP level 1. HP: 19/19 MP: 0/0
   163 | D:1      | Reached XP level 2. HP: 23/27 MP: 1/1
   278 | D:1      | Reached skill level 4 in Fighting
   537 | D:2      | Reached XP level 3. HP: 33/33 MP: 2/2
   862 | D:2      | Noticed Natasha
   875 | D:2      | Killed Natasha
   875 | D:2      | Reached ** piety under Trog
   876 | D:2      | Reached skill level 5 in Axes
  1258 | D:2      | Found Fumawymp's Antique Armour Shop.
  1258 | D:2      | Noticed Natasha
  1292 | D:2      | Noticed Sigmund
  1296 | D:2      | Killed Natasha
  1297 | D:2      | Reached XP level 4. HP: 41/41 MP: 3/3
  1303 | D:2      | Killed Sigmund
  1304 | D:2      | Reached skill level 5 in Fighting
  1304 | D:2      | Reached XP level 5. HP: 43/48 MP: 4/4
  1690 | D:2      | Reached XP level 6. HP: 56/56 MP: 5/5
  1729 | D:2      | Noticed Natasha
  1734 | D:2      | Killed Natasha
  1766 | D:3      | Found Ituhacs's General Store.
  1824 | D:3      | Bought a scroll of teleportation for 36 gold pieces
  1824 | D:3      | Bought a potion of lignification for 36 gold pieces
  1827 | D:3      | Found a shimmering altar of Xom.
  2048 | D:3      | Found an ornate altar of the Wu Jian Council.
  2049 | D:3      | Noticed Ijyb
  2063 | D:3      | Killed Ijyb
  2232 | D:3      | Noticed Grinder
  2232 | D:3      | Paralysed by Grinder for 5 turns
  2241 | D:3      | Killed Grinder
  2242 | D:3      | Reached skill level 6 in Fighting
  2242 | D:3      | Reached XP level 7. HP: 64/64 MP: 6/6
  2694 | D:2      | Bought a chain mail for 85 gold pieces
  2874 | D:4      | Reached *** piety under Trog
  3329 | D:4      | Found a snail-covered altar of Cheibriados.
  3563 | D:5      | Entered Level 5 of the Dungeon
  3586 | D:5      | Reached skill level 7 in Fighting
  3690 | D:5      | Identified the +0 scale mail of Qeapi {Int+2}
  3814 | D:5      | Reached XP level 8. HP: 73/73 MP: 7/7
  3923 | D:5      | Found an opulent altar of Gozag.
  3981 | D:5      | Reached skill level 10 in Axes
  4058 | D:5      | Found a staircase to the Ecumenical Temple.
  4111 | D:5      | Found a hazy altar of Hepliaklqana.
  4240 | D:5      | Reached skill level 1 in Throwing
  4600 | D:6      | Reached skill level 8 in Fighting
  5015 | D:6      | Reached XP level 9. HP: 60/82 MP: 8/8
  5020 | D:6      | Reached **** piety under Trog
  5780 | D:7      | Reached skill level 9 in Fighting
  5887 | D:7      | Found a stormy altar of Qazlal.
  6319 | D:7      | Noticed Joseph
  6331 | D:7      | Killed Joseph
  6332 | D:7      | Reached skill level 1 in Evocations
  6363 | D:7      | Found a burning altar of Makhleb.
  6363 | D:7      | Noticed an Executioner
  6366 | D:7      | Noticed a smoke demon
  6366 | D:7      | Noticed a hellwing
  6492 | D:8      | Found a staircase to the Lair.
  6497 | D:8      | Reached XP level 10. HP: 90/93 MP: 9/9
  6499 | D:8      | Reached skill level 10 in Fighting
  6800 | D:8      | Reached ***** piety under Trog
  7110 | D:8      | Found a white marble altar of Elyvilon.
  7526 | D:9      | Found a staircase to the Orcish Mines.
  7645 | D:9      | Identified a scroll of acquirement
  7645 | D:9      | Acquired the ring "Waoxt" {rElec rPois rN+}
  7672 | D:9      | Received a gift from Trog
  7767 | D:9      | Found a shadowy altar of Dithmenos.
  7837 | D:9      | Reached skill level 11 in Fighting
  7839 | D:9      | Reached skill level 15 in Axes
  8050 | D:9      | Found an ancient bone altar of Kikubaaqudgha.
  8206 | Lair:1   | Entered Level 1 of the Lair of Beasts
  8294 | Lair:1   | Noticed Gastronok
  8322 | Lair:1   | Killed Gastronok
  8323 | Lair:1   | Reached XP level 11. HP: 69/102 MP: 10/10
  9333 | Lair:2   | Reached skill level 5 in Armour
  9360 | Lair:2   | Reached skill level 12 in Fighting
  9619 | Lair:2   | Found a hole to the Spider Nest.
  9844 | Lair:2   | Noticed Nergalle
  9852 | Lair:2   | Killed Nergalle
  9853 | Lair:2   | Reached skill level 1 in Shields
  9957 | Lair:2   | Noticed Prince Ribbit
  9969 | Lair:2   | Reached XP level 12. HP: 85/113 MP: 11/11
  9976 | Lair:2   | Killed Prince Ribbit
 10099 | Lair:2   | Received a gift from Trog
 10624 | Lair:2   | Found a staircase to the Shoals.
 11130 | Lair:3   | Reached skill level 13 in Fighting
 11843 | Lair:3   | Reached skill level 5 in Shields
 12088 | Lair:4   | Found a viscous altar of Jiyva.
 12088 | Lair:4   | Found a staircase to the Slime Pits.
 12091 | Lair:4   | Reached skill level 5 in Throwing
 12197 | Lair:4   | Identified the +9 war axe of False Accusations {spect,
                  | Dex+3}
 12305 | Lair:4   | Noticed a death yak
 12305 | Lair:4   | Noticed a death yak
 12306 | Lair:4   | Noticed a death yak
 12306 | Lair:4   | Noticed a death yak
 12312 | Lair:4   | Killed a death yak
 12314 | Lair:4   | Noticed a death yak
 12322 | Lair:4   | Killed a death yak
 12325 | Lair:4   | Killed a death yak
 12597 | Lair:4   | Noticed a four-headed hydra
 12619 | Lair:4   | Killed a five-headed hydra
 12774 | Lair:4   | Reached skill level 14 in Fighting
 12779 | Lair:4   | Killed a death yak
 12779 | Lair:4   | Received a gift from Trog
 12786 | Lair:4   | Killed a death yak
 12793 | Lair:4   | Reached XP level 13. HP: 93/124 MP: 12/12
 13364 | Lair:4   | Found a staircase to the Slime Pits.
 13365 | Lair:4   | Found a viscous altar of Jiyva.
 13818 | Slime:1  | Entered Level 1 of the Pits of Slime
 13825 | Lair:5   | Entered Level 5 of the Lair of Beasts
 13825 | Lair:5   | Noticed Sonja
 13864 | Lair:5   | Reached skill level 5 in Dodging
 13896 | Lair:5   | Found a frozen archway.
 14165 | IceCv    | Entered an ice cave
 15602 | Lair:5   | Reached ****** piety under Trog
 15627 | Lair:5   | Reached skill level 15 in Fighting
 15693 | Lair:5   | Killed Sonja
 15870 | Lair:5   | Reached skill level 10 in Armour
 16130 | Lair:5   | Reached XP level 14. HP: 115/135 MP: 13/13
 16797 | Lair:5   | Received a gift from Trog
 16975 | Lair:5   | Reached skill level 5 in Evocations
 17488 | Lair:5   | Identified the +5 flail "Lauje Kewn" {elec, rPois Int+5
                  | Stlth+}
 17668 | D:10     | Entered Level 10 of the Dungeon
 17767 | D:10     | Reached skill level 16 in Fighting
 18090 | D:10     | Found an iron altar of Okawaru.
 18702 | D:11     | Received a gift from Trog
 18746 | D:11     | Noticed a walking frostbound tome
 18749 | D:11     | Found Noed's Book Shop.
 18751 | D:11     | Noticed a walking crystal tome
 19051 | Orc:1    | Entered Level 1 of the Orcish Mines
 19254 | Orc:2    | Entered Level 2 of the Orcish Mines
 20096 | Orc:2    | Found Quuhuixu's Distillery.
 20136 | Orc:2    | Bought a potion of might for 56 gold pieces
 20136 | Orc:2    | Bought a potion of resistance for 140 gold pieces
 20136 | Orc:2    | Bought a potion of might for 56 gold pieces
 20153 | Orc:2    | Identified the +2 executioner's axe of the Equinox
                  | {antimagic, *Slow rPois Will+ Dex+2} (Trog gifted it to you
                  | on level 2 of the Orcish Mines)
 20153 | Orc:2    | Received a gift from Trog
 20178 | Orc:2    | Bought a potion of cancellation for 112 gold pieces
 20228 | Orc:2    | Found Daesoj Jemm's Armour Boutique.
 20593 | Orc:2    | Paralysed by an orc sorcerer for 2 turns
 20800 | Orc:2    | Found Ninol's Armour Shoppe.
 20807 | Orc:2    | Found Zehalom's Book Shoppe.
 20809 | Orc:2    | Found Xiuroqoo's Armour Boutique.
 20830 | Orc:2    | Bought a +2 pair of gloves of strength for 301 gold pieces
 20948 | Orc:2    | Found a staircase to the Elven Halls.
 21135 | D:12     | Reached XP level 15. HP: 129/145 MP: 14/14
 22740 | D:14     | Noticed Josephine
 22866 | D:13     | Received a gift from Trog
 22880 | D:14     | Reached skill level 17 in Fighting
 22893 | D:14     | Killed Josephine
 23282 | D:14     | Reached skill level 10 in Throwing
 23746 | D:14     | Found a gate to the Vaults.
 23845 | D:15     | Entered Level 15 of the Dungeon
 24565 | D:15     | Received a gift from Trog
 24882 | D:15     | Found a staircase to the Depths.
 25270 | Spider:1 | Entered Level 1 of the Spider Nest
 25766 | Spider:1 | Reached skill level 18 in Fighting
 25766 | Spider:1 | Reached XP level 16. HP: 151/157 MP: 15/15
 25988 | Spider:1 | Noticed Louise
 26012 | Spider:1 | Killed Louise
 26594 | Spider:2 | Received a gift from Trog
 26608 | Spider:2 | Gained mutation: You sometimes lose your temper in combat.
                  | [mutagenic glow]
 26615 | Spider:2 | Lost mutation: You sometimes lose your temper in combat.
                  | [potion of mutation]
 26615 | Spider:2 | Gained mutation: Your spells are a little easier to cast,
                  | but a little less powerful. [potion of mutation]
 26615 | Spider:2 | Gained mutation: Your flesh is heat resistant. (rF+)
                  | [potion of mutation]
 27880 | Spider:3 | Reached skill level 10 in Shields
 28525 | Spider:3 | Found a transporter.
 28527 | Spider:3 | Found a transporter.
 28942 | Spider:3 | Found a runed translucent door.
 28942 | Spider:3 | Noticed bigdave's ghost (journeyman HOFi)
 29088 | Spider:3 | Killed bigdave's ghost
 29092 | Spider:3 | Identified the +4 plate armour of Recklessness {Harm Str+3
                  | Slay+6}
 29128 | Spider:4 | Entered Level 4 of the Spider Nest
 29171 | Spider:3 | Received a gift from Trog
 29386 | Spider:4 | Noticed Mlioglotl
 29409 | Spider:3 | Killed Mlioglotl
 29785 | Spider:4 | Reached XP level 17. HP: 154/163 MP: 16/16
 30234 | Spider:4 | Identified the +0 pair of boots of Peudeklor {rN+ MP+9
                  | Stlth+}
 30579 | Spider:4 | Identified the +1 pair of boots of the Orcish Mines {rC-
                  | rN+ Will+++ Slay-4}
 31096 | Spider:4 | Got a gossamer rune of Zot
 31203 | Shoals:1 | Entered Level 1 of the Shoals
 31253 | Shoals:1 | Received a gift from Trog
 31420 | Shoals:1 | Reached skill level 15 in Shields
 32918 | Shoals:2 | Noticed Ilsuiw
 32928 | Shoals:2 | Received a gift from Trog
 32934 | Shoals:2 | Killed Ilsuiw
 33274 | Shoals:2 | Noticed Polyphemus
 33470 | Shoals:2 | Killed Polyphemus
 33707 | Shoals:2 | Noticed Roxanne
 34651 | Shoals:3 | Reached XP level 18. HP: 161/172 MP: 17/17
 35298 | Shoals:4 | Entered Level 4 of the Shoals
 35477 | Shoals:4 | Received a gift from Trog
 35729 | Shoals:4 | Found a blossoming altar of Fedhas.
 35767 | Shoals:4 | Paralysed by an air elemental for 1 turns
 36216 | Shoals:4 | Paralysed by an air elemental for 1 turns
 36343 | Shoals:4 | Reached skill level 15 in Armour
 36345 | Shoals:4 | Reached skill level 10 in Dodging
 36749 | Shoals:4 | Reached skill level 15 in Throwing
 37173 | Shoals:4 | Paralysed by an air elemental for 1 turns
 37207 | Shoals:4 | Paralysed by an air elemental for 1 turns
 37214 | Shoals:4 | Paralysed by an air elemental for 1 turns
 37368 | Shoals:4 | Received a gift from Trog
 37713 | Shoals:4 | Got a barnacled rune of Zot
 38221 | Vaults:1 | Entered Level 1 of the Vaults
 38438 | Elf:1    | Entered Level 1 of the Elven Halls
 38460 | Elf:1    | Reached skill level 19 in Fighting
 38928 | Elf:1    | Found a transporter.
 38961 | Elf:1    | Found a bloodstained altar of Trog.
 38961 | Elf:1    | Noticed GeoRichter's ghost (adept DsIE)
 38973 | Elf:1    | Received a gift from Trog
 39029 | Elf:1    | Found a transporter.
 39418 | Elf:1    | Reached XP level 19. HP: 183/183 MP: 18/18
 39740 | Elf:2    | Noticed Zenata
 39752 | Elf:2    | Killed Zenata
 39780 | Elf:2    | Found Ynasch's Jewellery Shop.
 39964 | Elf:2    | Found Kicasy Asua's Distillery.
 39964 | Elf:2    | Found Leobicvi's General Store.
 39969 | Elf:2    | Found Befymicw's Book Boutique.
 39972 | Elf:2    | Bought a potion of might for 52 gold pieces
 39972 | Elf:2    | Bought a potion of resistance for 130 gold pieces
 40044 | Elf:2    | Bought a potion of haste for 150 gold pieces
 40044 | Elf:2    | Bought 2 scrolls of fog for 120 gold pieces
 40070 | Elf:2    | Found a shimmering altar of Xom.
 40070 | Elf:2    | Noticed shamsi's ghost (journeyman HuFi)
 40071 | Elf:2    | Found a runed translucent door.
 40202 | Elf:2    | Reached skill level 10 in Evocations
 40493 | Elf:2    | Found a huge runed translucent gate.
 40493 | Elf:2    | Found a huge runed translucent gate.
 40497 | Elf:2    | Found a huge runed translucent gate.
 40498 | Elf:2    | Found a huge runed translucent gate.
 40499 | Elf:2    | Found a huge runed translucent gate.
 40572 | Elf:2    | Received a gift from Trog
 40871 | Elf:3    | Entered Level 3 of the Elven Halls
 41198 | Elf:3    | Found Zuacuwku's Assorted Antiques.
 41207 | Elf:3    | Bought a fine plate armour for 728 gold pieces
 41207 | Elf:3    | Identified the +8 plate armour of Doem {*Slow rC++ Will+
                  | MP+9} (You bought it in a shop on level 3 of the Elven
                  | Halls)
 41347 | Elf:3    | Found a runed translucent door.
 41401 | Elf:3    | Identified the +3 scale mail "Qaira" {Stlth+}
 41828 | Elf:3    | Identified the +0 plate armour of the Breadfruit {rPois
                  | Will+ Str+3}
 41979 | Elf:3    | Received a gift from Trog
 42005 | Elf:3    | Reached skill level 20 in Fighting
 42432 | Elf:3    | Identified the +10 flail "Suti Mye" {flame, *Corrode rF+
                  | Str+4}
 42516 | Elf:3    | Identified the +3 ring mail of the Clam {rElec Will+}
 42542 | Elf:3    | Identified the +4 dire flail of Circular Logic {heavy, rF+
                  | rCorr}
 42554 | Elf:3    | Identified the ring of Ecranae {Wiz +Blink Fly rN+++ Str-2}
 42566 | Elf:3    | Identified the ring "Vinkef Wuhu" {Fly Int+3 Slay+2}
 42567 | Elf:3    | Identified the +0 robe "Xuemaleff" {*Corrode rC- Str+8
                  | Stlth+}
 42570 | Elf:3    | Identified the +3 leather armour of Circular Logic {+Blink
                  | Will++ Dex+4}
 42571 | Elf:3    | Identified the staff of cold "Doixe" {Fragile rElec rPois
                  | rC+}
 42574 | Elf:3    | Identified the ring of Oxainido {rPois Int+5 Slay-5}
 42575 | Elf:3    | Identified the staff of fire "Umoakec" {rElec rF+ rN+
                  | Int+4}
 43537 | Vaults:1 | Reached XP level 20. HP: 154/193 MP: 19/19
 44226 | Vaults:1 | Received a gift from Trog
 45958 | Vaults:3 | Received a gift from Trog
 46299 | Vaults:3 | Found a staircase to the Crypt.
 46306 | Vaults:3 | Reached skill level 21 in Fighting
 47526 | Abyss:2  | Cast into level 2 of the Abyss (a wizard)
 47719 | Abyss:2  | Received a gift from Trog
 47719 | Abyss:2  | Found the +16 obsidian axe {drain, demonic, Mesm Drain Fly
                  | SInv}
 47746 | Vaults:4 | Escaped the Abyss
 47798 | Vaults:4 | Reached XP level 21. HP: 194/205 MP: 20/20
 48064 | Vaults:4 | Identified the +2 leather armour of Rationality {+Blink
                  | rCorr}
 48881 | Vaults:5 | Entered Level 5 of the Vaults
 48916 | Vaults:5 | Identified the +9 shortbow of Daf Xuir {drain, *Corrode
                  | rC++ rN++}
 49035 | Vaults:5 | Reached skill level 22 in Fighting
 49295 | Vaults:5 | Identified the +6 glaive of the Fuzzy God {flame, Int+3}
 49302 | Vaults:5 | Received a gift from Trog
 49312 | Vaults:5 | Identified the amulet "Ighojugh" {Acrobat Str+3 Dex+4}
 49332 | Vaults:5 | Noticed a dread lich
 49360 | Vaults:5 | Paralysed by a dread lich for 5 turns
 49370 | Vaults:5 | Killed a dread lich
 49614 | Vaults:5 | Noticed a dread lich
 49633 | Vaults:5 | Killed a dread lich
 49666 | Vaults:5 | Identified the +6 long sword "Leit" {elec, rN+}
 49687 | Vaults:5 | Identified the +2 hand axe of Defiance {freeze, SInv}
 49715 | Vaults:5 | Received a gift from Trog
 49807 | Vaults:5 | Noticed Bai Suzhen
 49943 | Vaults:5 | Killed Bai Suzhen
 50459 | Vaults:5 | Reached skill level 23 in Fighting
 50468 | Vaults:5 | Reached XP level 22. HP: 209/220 MP: 21/21
 50472 | Vaults:5 | Noticed a dread lich
 50483 | Vaults:5 | Killed a dread lich
 50585 | Vaults:5 | Got a silver rune of Zot
 50766 | Vaults:5 | Found Ateedwy's Assorted Antiques.
 50768 | Vaults:5 | Identified the +0 pair of boots of Estiq {Dex+4}
 50885 | Vaults:5 | Identified the +1 plate armour "Zofisani" {Harm Will+
                  | Str+3}
 50893 | Vaults:5 | Identified the +2 ring mail "Abaepuec" {rN+ Slay+3}
 50915 | Vaults:5 | Identified the +5 plate armour "Vutuush" {rF+ Str+3 Int+4}
 50926 | Vaults:5 | Received a gift from Trog
 51857 | Depths:1 | Entered Level 1 of the Depths
 51908 | Depths:1 | Found a gateway to Hell.
 51975 | Depths:1 | Found a one-way gateway to a ziggurat.
 52143 | Depths:1 | Received a gift from Trog
 52178 | Depths:1 | Found a broken altar of Ashenzari.
 52344 | Depths:1 | Found an ornate altar of the Wu Jian Council.
 52686 | Depths:2 | Found a one-way gate to the infinite horrors of the Abyss.
 53032 | Depths:2 | Found a transporter.
 53169 | Depths:2 | Found a transporter.
 53186 | Depths:2 | Found a transporter.
 53337 | Depths:2 | Found a transporter.
 53479 | Depths:2 | Found a one-way gate leading to the halls of Pandemonium.
 53499 | Depths:2 | Noticed a golden dragon
 53505 | Depths:2 | Noticed a caustic shrike
 53531 | Depths:2 | Killed a golden dragon
 53575 | Depths:2 | Killed a caustic shrike
 53671 | Depths:2 | Noticed a juggernaut
 53687 | Depths:2 | Killed a juggernaut
 53732 | Depths:2 | Identified the +0 chain mail "Gezis" {Contam Will+++ rCorr}
 53997 | Depths:3 | Noticed Sojobo
 54001 | Depths:3 | Received a gift from Trog
 54006 | Depths:3 | Killed Sojobo
 54007 | Depths:3 | Reached skill level 24 in Fighting
 54007 | Depths:3 | Reached skill level 15 in Dodging
 54007 | Depths:3 | Reached XP level 23. HP: 229/229 MP: 22/22
 54571 | Depths:3 | Noticed a juggernaut
 54584 | Depths:3 | Killed a juggernaut
 54592 | Depths:3 | Noticed Boris
 54606 | Depths:3 | Killed Boris
 55045 | Depths:3 | Paralysed by a floating eye for 2 turns
 55129 | Depths:3 | Identified the staff of cold "Dasoujicw" {rF- rC+ Will+
                  | Int+7}
 55191 | Depths:3 | Received a gift from Trog
 55358 | Depths:3 | Identified the +4 ring mail "Tagy" {rF+ rCorr Dex-2}
 55644 | Depths:3 | Found a corrupted altar of Lugonu.
 55822 | Depths:4 | Entered Level 4 of the Depths
 56289 | Depths:4 | Found Ebat's Distillery.
 56297 | Depths:4 | Bought a potion of mutation for 112 gold pieces
 56297 | Depths:4 | Bought a potion of might for 56 gold pieces
 56297 | Depths:4 | Bought a potion of might for 56 gold pieces
 56297 | Depths:4 | Bought 2 potions of might for 112 gold pieces
 56318 | Depths:4 | Identified the +9 plate armour of the Sparrow {rPois rCorr
                  | Int+6 Dex-5}
 56573 | Depths:4 | Reached skill level 25 in Fighting
 56645 | Depths:4 | Found a gate to the Realm of Zot.
 56923 | Depths:4 | Acquired the amulet of Greater Demons {Faith rF+ rC+}
 56967 | Depths:4 | Reached XP level 24. HP: 203/243 MP: 22/22
 57219 | Zot:1    | Entered Level 1 of the Realm of Zot
 57500 | Zot:1    | Received a gift from Trog
 57668 | Zot:1    | Reached skill level 26 in Fighting
 59084 | Zot:2    | Reached skill level 27 in Fighting
 59219 | Zot:2    | Identified the +1 sling of War {heavy, rF+}
 59385 | Zot:2    | Noticed an orb of fire
 59405 | Zot:2    | Killed an orb of fire
 59574 | Zot:2    | Acquired 366 gold pieces
 60475 | Zot:3    | Received a gift from Trog
 60752 | Zot:3    | Acquired the +1 pair of boots of the Vacuum {+Blink Str+10
                  | Dex-3 Stlth+}
 60955 | Zot:3    | Found a transporter.
 60955 | Zot:3    | Found a transporter.
 60955 | Zot:3    | Noticed Jiorhin's ghost (legendary TrBe)
 61333 | Zot:3    | Noticed ShutUppercut's ghost (legendary DsGl)
 61334 | Zot:3    | Identified the ring "Fycuax" {rPois Str+6 Int+2}
 61336 | Zot:3    | Identified the +5 spear "Viotegev" {flame, Str+3}
 61339 | Zot:3    | Noticed an orb of fire
 61835 | Zot:4    | Noticed an orb of fire
 61848 | Zot:4    | Gained mutation: Your body sometimes deteriorates upon
                  | taking damage. [an orb of fire]
 61861 | Zot:4    | Gained mutation: You occasionally lose the ability to read
                  | scrolls when taking damage. [an orb of fire]
 61865 | Zot:4    | Gained mutation: You are frail. (-10% HP) [an orb of fire]
 61869 | Zot:4    | Killed an orb of fire
 61876 | Zot:4    | Lost mutation: You occasionally lose the ability to read
                  | scrolls when taking damage. [potion of mutation]
 61876 | Zot:4    | Lost mutation: You are frail. (-10% HP) [potion of
                  | mutation]
 61876 | Zot:4    | Lost mutation: Your flesh is heat resistant. (rF+) [potion
                  | of mutation]
 61876 | Zot:4    | Gained mutation: Your flesh is cold resistant. (rC+)
                  | [potion of mutation]
 61876 | Zot:4    | Gained mutation: Your body often deteriorates upon taking
                  | damage. [potion of mutation]
 61876 | Zot:4    | Gained mutation: You are clumsy. (Dex -2) [potion of
                  | mutation]
 61877 | Zot:4    | Lost mutation: You are clumsy. (Dex -2) [potion of
                  | mutation]
 61877 | Zot:4    | Lost mutation: Your spells are a little easier to cast, but
                  | a little less powerful. [potion of mutation]
 61877 | Zot:4    | Gained mutation: You have sharp toenails. [potion of
                  | mutation]
 61877 | Zot:4    | Gained mutation: You are frail. (-10% HP) [potion of
                  | mutation]
 61878 | Zot:4    | Lost mutation: You have sharp toenails. [potion of
                  | mutation]
 61878 | Zot:4    | Lost mutation: You are frail. (-10% HP) [potion of
                  | mutation]
 61878 | Zot:4    | Lost mutation: Your flesh is cold resistant. (rC+) [potion
                  | of mutation]
 61878 | Zot:4    | Gained mutation: You are strong-willed. (Will+) [potion of
                  | mutation]
 61878 | Zot:4    | Gained mutation: Your movements are slightly less
                  | encumbered by armour. (ER -2) [potion of mutation]
 61878 | Zot:4    | Gained mutation: Your magical capacity is low. (-10% MP)
                  | [potion of mutation]
 62018 | Zot:4    | Identified the +11 falchion of the Sandy God {venom, *Slow
                  | rPois Will+}
 62555 | Zot:4    | Reached XP level 25. HP: 257/257 MP: 19/19
 63035 | Zot:5    | Entered Level 5 of the Realm of Zot
 63056 | Zot:5    | Noticed a Killer Klown
 63203 | Zot:5    | Killed a Killer Klown
 63496 | Zot:5    | Noticed a Killer Klown
 63515 | Zot:5    | Killed a Killer Klown
 64235 | Zot:5    | Noticed an orb of fire
 64235 | Zot:5    | Noticed an orb of fire
 64239 | Zot:5    | Gained mutation: You occasionally shout uncontrollably at
                  | your foes. [an orb of fire]
 64266 | Zot:5    | Killed an orb of fire
 64282 | Zot:5    | Killed an orb of fire
 64332 | Zot:5    | Noticed a Killer Klown
 64338 | Zot:5    | Killed a Killer Klown
 64374 | Zot:5    | Noticed an orb of fire
 64388 | Zot:5    | Killed an orb of fire
 64477 | Zot:5    | Noticed an ancient lich
 64488 | Zot:5    | Killed an ancient lich
 64564 | Zot:5    | Noticed an orb of fire
 64565 | Zot:5    | Noticed a Killer Klown
 64572 | Zot:5    | Killed an orb of fire
 64577 | Zot:5    | Noticed a Killer Klown
 64579 | Zot:5    | Noticed an orb of fire
 64582 | Zot:5    | Noticed a dread lich
 64587 | Zot:5    | Killed an orb of fire
 64591 | Zot:5    | Killed a Killer Klown
 64591 | Zot:5    | Noticed an ancient lich
 64593 | Zot:5    | Noticed a Killer Klown
 64596 | Zot:5    | Killed a dread lich
 64598 | Zot:5    | Killed a Killer Klown
 64618 | Zot:5    | Killed an ancient lich
 64632 | Zot:5    | Killed a Killer Klown
 64658 | Zot:5    | Noticed an ancient lich
 64658 | Zot:5    | Noticed a dread lich
 64672 | Zot:5    | Noticed a dread lich
 64677 | Zot:5    | Killed an ancient lich
 64679 | Zot:5    | Noticed a dread lich
 64717 | Zot:5    | Killed a dread lich
 64717 | Zot:5    | Received a gift from Trog
 64722 | Zot:5    | Killed a dread lich
 64929 | Zot:5    | Killed a dread lich
 64931 | Zot:5    | Reached XP level 26. HP: 88/266 MP: 19/19
 65179 | Zot:5    | Got the Orb of Zot
 65211 | Zot:5    | Gained mutation: Armour fits poorly on your strangely
                  | shaped body. [mutagenic glow]
 65404 | Zot:1    | Noticed Boris
 65417 | Zot:1    | Killed Boris
 65980 | D:$      | Escaped with the Orb!

Illustrated notes

Levels and vault maps discovered:
D:1:      tarquinn_simple_flora_water_b, layout_rooms, hangedman_feature_mirror
D:2:      minmay_diamond_boxcup, layout_basic, serial_shops, shop, uniq_sigmund,
          uniq_natasha
D:3:      layout_loops_ring, overflow_temple_1_default, old_standard_altar,
          serial_shops, shop, kennysheep_generic_room_5, uniq_ijyb, uniq_grinder
D:4:      layout_cave_pods, lemuel_round_altar
D:5:      layout_basic, mainiacjoe_overflow_brackets,
          mainiacjoe_overflow_boulevard, minmay_temple_entry_overgrown
D:6:      layout_gridville, minivault_4, st_stairs_4, grunt_ministairs_2
D:7:      layout_rooms, mainiacjoe_overflow_small_starburst,
          makhleb_altar_promises_db, minmay_misc_feat_diagonals,
          nrook_loot_triangle, uniq_joseph
D:8:      layout_basic, elyvilon_altar_3, david_lair_generic
D:9:      layout_rooms, grunt_dithmenos_shadows, kiku_gazebo_garden_becter,
          david_orc_5, special_room [special_room_orc]
D:10:     layout_loops_cross, okawaru_metal_pillars_1_2
D:11:     layout_roguey, serial_shops, nicolae_shop_mannequins
D:12:     layout_stronghold
D:13:     layout_roguey, minivault_16
D:14:     layout_big_octagon, david_vaults_5, serial_park_tiny_pond,
          uniq_josephine
D:15:     gammafunk_enter_depths_forms, layout_irregular_city, corner_web_ring
Lair:1:   layout_roguey, beast_lair_carwin_7, uniq_gastronok
Lair:2:   layout_loops_ring, elwin_shoals_entry_stream, spider_nest_entry_a,
          minmay_lair_oklob_bushes, ice2_lemuel, lemuel_fruit_tree,
          uniq_nergalle, uniq_prince_ribbit2
Lair:3:   lemuel_reptile_caves, layout_cave_pods, infiniplex_staircase_pool
Lair:4:   layout_gridlike, slime_entry_1, grunt_megastairs_4
Lair:5:   due_jungle_book, layout_regular_city, portal_ice_cave_rime, uniq_sonja
Shoals:1: layout_shoals
Shoals:2: layout_shoals, uniq_ilsuiw, uniq_roxanne, uniq_polyphemus
Shoals:3: layout_shoals
Shoals:4: shoals_end_hellmonk_storm_palace [storm_palace_center_circular,
          storm_palace_corner_reverse_hut, storm_palace_corner_altar,
          storm_palace_corner_pillars, storm_palace_corner_grid], serial_shops
Spider:1: layout_spider_delve, uniq_louise
Spider:2: layout_spider_delve, drop_trap
Spider:3: gammafunk_boulding_lane, gammafunk_ghost_grave
Spider:4: guppyfry_spider_rune, hangedman_spider_tarantella_strand,
          uniq_mlioglotl
Slime:1:  layout_caves, nicolae_slime_barrier
Orc:1:    layout_caves
Orc:2:    st_orc_elflike, layout_caves, serial_shops,
          nicolae_shop_industrial_runoff
Elf:1:    eino_elf_arrival_customs, layout_geoelf_grid,
          gammafunk_ghost_wrathful_warriors, kennysheep_underground_church
Elf:2:    elven_hall_of_blades_hangedman_alternative
          [nicolae_blade_entry_diamond_columns], layout_loops_corners,
          ebering_ghost_xom, st_stairs_2, dreamdust_mushroom_princess,
          minmay_shoptagon, uniq_zenata
Elf:3:    elf_hall, layout_geoelf_castle, serial_shops, nicolae_diamond_shop,
          minivault_13
Vaults:1: nicolae_vaults_ellipses_ellipsis, v_misc_5, v_misc_25,
          nicolae_vaults_door_testing_chamber, nicolae_vaults_mitosis,
          v_misc_17, nicolae_vaults_turnstiles, nicolae_vaults_triangles,
          nicolae_vaults_house_3, nicolae_vaults_trapezoid_1, v_misc_19,
          st_check, nicolae_vaults_trapezoid_4, layout_vaults_big_cross,
          serial_shops, bzr_entry_dummy
Vaults:2: vaults_room_ringed_pool, v_misc_28, nicolae_vaults_border_crossing,
          ontoclasm_vaults_eye, vaults_room_fancy_cross,
          nicolae_vaults_diamond_1, nicolae_vaults_diamond_2,
          layout_vaults_quadrants
Vaults:3: minmay_crypt_entry_simple_statues, dpeg_vaults_monster_row,
          ontoclasm_vaults_tryst, grunt_vaults_focal,
          nicolae_vaults_storage_room_statues, v_rooms_3, vaults_room_octagon,
          vaults_dpeg_cross, nicolae_vaults_little_squares_2,
          grunt_vaults_hallway_short, layout_vaults_chaotic_city
Vaults:4: hangedman_vaults_capsules, hangedman_vaults_trim,
          nicolae_vaults_disjoint_gnomons, st_hourglassy,
          nicolae_vaults_stepped_doors, v_misc_25,
          ontoclasm_vaults_claustrophobia, hangedman_vaults_trim, v_rooms_2,
          nicolae_vaults_storage_room_glass, vaults_room_octagon,
          ontoclasm_vaults_bender, nicolae_vaults_trapezoid_1,
          layout_vaults_maze
Vaults:5: uniq_bai_suzhen
Depths:1: layout_cave_pools, enter_ziggurat_c, lightli_too_deep,
          pdpol_wu_jian_five_deadly_venoms, special_room [special_room_morgue],
          nicolae_ashenzari_panopticon
Depths:2: minmay_fractal_lines_corner, layout_cave_pools, abyss_entry,
          hellmouth_1, pan_entry, nicolae_transporter_intersection
Depths:3: hangedman_box_tower, layout_gridlike, abyss_entry_flame_altar,
          rand_demon_pan_entry_8, grunt_hell_entry_dis_grunt,
          kennysheep_generic_room_14, uniq_sojobo, uniq_boris
Depths:4: grunt_zot_entry_bicorn, layout_honeycomb, hell_entry, serial_shops,
          shop_statue, serial_bayou_shore_a
Zot:1:    layout_cellular_growth, grunt_ministairs_15
Zot:2:    kennysheep_room_grid, layout_concentric_octagons
Zot:3:    layout_cathedral_of_symmetry, nzn_ghost_randoct,
          hangedman_zot_decor_slant
Zot:4:    layout_gridlike, hangedman_zot_decor_tridents
Zot:5:    layout_basic

Skill      XL: |  1  2  3  4  5  6  7  8  9 10 11 12 13 14 15 16 17 18 19 20 21 22 23 24 25 26 |
---------------+-------------------------------------------------------------------------------+-----
Axes           | 4 5 6 7 8 9 11 13 15 17 18 | 18.0
Fighting       | 4 5 6 7 8 9 11 12 14 15 16 18 19 20 21 23 24 25 27 | 27.0
Throwing       | 3 4 6 8 9 11 12 14 15 16 | 16.0
Evocations     | 1 4 8 9 11 12 | 12.6
Armour         | 3 6 7 10 12 14 15 17 18 20 21 22 23 25 | 25.5
Shields        | 2 5 6 13 17 19 20 22 23 24 25 | 25.0
Dodging        | 4 7 9 11 12 13 15 16 17 19 20 | 20.0

Action                     |  1- 3 |  4- 6 |  7- 9 | 10-12 | 13-15 | 16-18 | 19-21 | 22-24 | 25-27 || total
---------------------------+-------+-------+-------+-------+-------+-------+-------+-------+-------++-------
  Melee: Short sword       |    68 |    78 |   106 |       |       |       |       |       |       ||   252
         Hand axe          |     8 |       |       |       |       |       |       |       |       ||     8
         Headbutt          |    11 |    15 |    35 |    83 |   246 |   330 |   384 |   610 |   156 ||  1870
         Punch             |     1 |     2 |     4 |       |       |       |       |       |       ||     7
         Broad axe         |       |       |   119 |   409 |   973 |  1408 |  1341 |  1816 |   439 ||  6505
         Unarmed           |       |       |       |       |       |       |       |       |     1 ||     1
  Throw: Dart              |     5 |       |    12 |       |       |       |       |       |       ||    17
         Javelin           |       |       |       |     5 |     8 |    35 |    32 |    26 |     9 ||   115
         Throwing net      |       |       |       |       |       |     1 |       |       |       ||     1
 Invoke: Berserk           |     1 |     1 |     1 |     2 |     3 |     5 |     1 |     2 |     1 ||    17
         Trog's Hand       |       |       |     1 |       |     2 |     6 |     9 |     6 |     7 ||    31
         Brothers in Arms  |       |       |       |       |     1 |     8 |    11 |     8 |     9 ||    37
  Evoke: Wand              |       |       |       |     7 |     5 |     3 |     2 |     7 |     2 ||    26
         Phantom mirror    |       |       |       |       |       |       |     3 |       |       ||     3
         Tin of tremorston |       |       |       |       |       |       |     1 |       |       ||     1
    Use: Scroll            |       |     3 |    11 |    20 |     2 |     1 |    12 |    16 |    10 ||    75
         Potion            |       |       |     1 |     1 |     1 |     7 |    11 |     6 |    16 ||    43
   Stab: Distracted        |       |       |       |       |     1 |     2 |     5 |     1 |     2 ||    11
         Petrified         |       |       |       |       |       |     3 |       |       |       ||     3
         Invisible         |       |       |       |       |       |     2 |     3 |       |       ||     5
         Confused          |       |       |       |       |       |       |       |     1 |       ||     1
 Armour: Animal skin       |    11 |       |       |       |       |       |       |       |       ||    11
         Leather armour    |     1 |    12 |     8 |       |       |       |       |       |       ||    21
         Chain mail        |       |       |    94 |   127 |    39 |       |       |       |       ||   260
         Plate armour      |       |       |       |       |   291 |   492 |   305 |   371 |       ||  1459
         Gold dragon scale |       |       |       |       |       |       |       |   375 |   162 ||   537
  Dodge: Dodged            |    40 |    15 |    62 |   106 |   229 |   275 |   242 |   576 |   122 ||  1667
  Block: Other             |     6 |     9 |    40 |     2 |       |       |       |       |       ||    57
         Reflection        |       |       |     1 |     7 |    26 |    90 |   115 |    39 |       ||   278
         Buckler           |       |       |       |   134 |   384 |    34 |       |       |       ||   552
         Tower shield      |       |       |       |       |       |  1426 |  1121 |  1642 |   361 ||  4550
